3AAA
ALASKAN HUMPBACKS @ HAMILTON COYOTES
07/28/2032
 
TOP OF THE 1ST
Alaskan Humpbacks batting - Pitching for Hamilton Coyotes : RHP Ray Goolsby
Pitching: RHP Ray Goolsby
Batting: LHB Dallas Ihde 0-0: Foul Ball, location: 2F
0-1: Swinging Strike
0-2: Ball
1-2: Ball
2-2: Foul Ball, location: 2F
2-2: Strikes out swinging
Batting: RHB Scott Dourque 0-0: Ball
1-0: Foul Ball, location: 2F
1-1: Ball
2-1: Ground out 1-3 (Groundball, 13S)
Batting: LHB Kanko Umaba 0-0: Ball
1-0: Ground out 5-3 (Groundball, 56S)
Top of the 1st over - 0 runs, 0 hits, 0 errors, 0 left on base; Alaskan 0 - Hamilton 0
BOTTOM OF THE 1ST
Hamilton Coyotes batting - Pitching for Alaskan Humpbacks : RHP Laurel Yanny
Pitching: RHP Laurel Yanny
Batting: LHB Tony Rodríguez 0-0: DOUBLE (Line Drive, 8LD)
Batting: LHB Tommy Sullivan 0-0: Ball
1-0: Ball
2-0: Foul Ball, location: 2F
2-1: Called Strike
2-2: Ground out 1-3 (Groundball, 13)
Tony Rodríguez to third
Batting: LHB José Gómez 0-0: Called Strike
0-1: Ball
1-1: Ball
2-1: Ball
3-1: Base on Balls
Batting: RHB Dani Trejo 0-0: Called Strike
0-1: Ball
1-1: Foul Ball, location: 2F
1-2: Ball
2-2: Ball
3-2: Base on Balls
José Gómez to second
Batting: SHB Martín Marrero 0-0: Called Strike
0-1: Ball
1-1: Foul Ball, location: 2F
1-2: Strikes out looking
Batting: RHB Duane Wills 0-0: Ball
1-0: Called Strike
1-1: Ball
2-1: Single, Error in OF, E8, batter to second base
Tony Rodríguez scores
José Gómez scores
Dani Trejo to third
Batting: RHB Markus Thompson 0-0: Ball
1-0: Foul Ball, location: 2F
1-1: Ball
2-1: Fly out, F4 (Line Drive, 4)
Bottom of the 1st over - 2 runs, 2 hits, 1 error, 2 left on base; Alaskan 0 - Hamilton 2
TOP OF THE 2ND
Alaskan Humpbacks batting - Pitching for Hamilton Coyotes : RHP Ray Goolsby
Batting: LHB Danny Trautmann 0-0: Ball
1-0: Foul Ball, location: 2F
1-1: SOLO HOME RUN (Flyball, 89XD), Distance : 374 ft
Pitching: RHP Dave Wheeler
Batting: RHB Doug Allerdale 0-0: Foul Ball, location: 2F
0-1: Ball
1-1: Ball
2-1: Ball
3-1: Foul Ball, location: 2F
3-2: SINGLE (Groundball, 6MD)
Batting: RHB Erik Sterk 0-0: Called Strike
0-1: Ball
1-1: Ground out 6-3 (Groundball, 6S)
Doug Allerdale to second
Batting: LHB Ron Stewart 0-0: Ball
1-0: Foul Ball, location: 2F
1-1: Foul Ball, location: 2F
1-2: Ball
2-2: Ground out 4-3 (Groundball, 4M)
Doug Allerdale to third
Batting: LHB Gabriel Amezquita 0-0: Ball
1-0: DOUBLE (Groundball, 5L)
Doug Allerdale scores
Batting: RHB Bobby Christopher 0-0: 2-RUN HOME RUN (Flyball, 7LD), Distance : 341 ft
Batting: LHB Dallas Ihde 0-0: Ball
1-0: SINGLE (Flyball, 8LS)
Batting: RHB Scott Dourque 0-0: Called Strike
0-1: Ball
1-1: Swinging Strike
1-2: Ground out 6-3 (Groundball, 56)
Top of the 2nd over - 4 runs, 5 hits, 0 errors, 1 left on base; Alaskan 4 - Hamilton 2
BOTTOM OF THE 2ND
Hamilton Coyotes batting - Pitching for Alaskan Humpbacks : RHP Laurel Yanny
Batting: LHB Scot Willis 0-0: Foul Ball, location: 2F
0-1: Swinging Strike
0-2: Ball
1-2: Ball
2-2: Ball
3-2: Foul Ball, location: 2F
3-2: Base on Balls
Batting: RHB Alejandro Serrato 0-0: Ball
1-0: Swinging Strike
1-1: Ball
2-1: Foul Ball, location: 2F
2-2: Ball
3-2: Fly out, F2 (Popup, 2LF)
Batting: LHB Tony Rodríguez 0-0: Called Strike
0-1: Called Strike
0-2: Foul Ball, location: 2F
0-2: Ball
1-2: Ball
2-2: SINGLE (Line Drive, 3D)
Scot Willis to second
Batting: LHB Tommy Sullivan 0-0: Called Strike
0-1: Ball
1-1: Grounds into double play, 5-4-3 (Groundball, 56)
Bottom of the 2nd over - 0 runs, 1 hit, 0 errors, 1 left on base; Alaskan 4 - Hamilton 2
TOP OF THE 3RD
Alaskan Humpbacks batting - Pitching for Hamilton Coyotes : RHP Dave Wheeler
Batting: LHB Kanko Umaba 0-0: Called Strike
0-1: Ball
1-1: Ball
2-1: Ball
3-1: Foul Ball, location: 2F
3-2: Base on Balls
Batting: LHB Danny Trautmann 0-0: Ball
1-0: Foul Ball, location: 2F
1-1: Foul Ball, location: 2F
1-2: DOUBLE (Line Drive, 78XD)
Kanko Umaba to third
Batting: RHB Doug Allerdale 0-0: Called Strike
0-1: Ball
1-1: Called Strike
1-2: SINGLE (Groundball, 6D)
Kanko Umaba scores
Danny Trautmann to third
Batting: RHB Erik Sterk 0-0: SINGLE (Groundball, 56D)
Danny Trautmann scores
Doug Allerdale to second
Pitching: LHP Francisco Jiménez
Batting: LHB Ron Stewart 0-0: Ball
1-0: Ball
2-0: SINGLE (Groundball, 34D)
Doug Allerdale to third
Erik Sterk to second
Batting: LHB Gabriel Amezquita 0-0: Ball
1-0: Foul Ball, location: 2F
1-1: Foul Ball, location: 2F
1-2: GRAND SLAM HOME RUN (Line Drive, 9D), Distance : 336 ft
Batting: RHB Bobby Christopher 0-0: Swinging Strike
0-1: Ball
1-1: SOLO HOME RUN (Flyball, 7LD), Distance : 364 ft
Batting: LHB Dallas Ihde 0-0: Ball
1-0: Ball
2-0: Called Strike
2-1: Foul Ball, location: 2F
2-2: Fly out, F8 (Line Drive, 8RD)
Batting: RHB Scott Dourque 0-0: Ball
1-0: Foul Ball, location: 2F
1-1: Ball
2-1: Foul Ball, location: 2F
2-2: SINGLE (Groundball, 4MD)
Batting: LHB Kanko Umaba 0-0: Called Strike
0-1: Swinging Strike
0-2: SINGLE (Groundball, 4MD)
Scott Dourque to second
Batting: LHB Danny Trautmann 0-0: Called Strike
Scott Dourque steals 3rd base
Kanko Umaba to second
0-1: Foul Ball, location: 2F
0-2: Foul Ball, location: 2F
0-2: SINGLE (Line Drive, 34)
Scott Dourque scores
Kanko Umaba to third
Runner from 3rd tries for Home, SAFE, no throw
Batting: RHB Doug Allerdale 0-0: Fly out, F9 (Flyball, 89S)
Batting: RHB Erik Sterk 0-0: Ground out 6-3 (Groundball, 6)
Top of the 3rd over - 9 runs, 9 hits, 0 errors, 1 left on base; Alaskan 13 - Hamilton 2
BOTTOM OF THE 3RD
Hamilton Coyotes batting - Pitching for Alaskan Humpbacks : RHP Laurel Yanny
Batting: LHB José Gómez 0-0: Fly out, F5 (Line Drive, 5)
Batting: RHB Dani Trejo 0-0: Foul Ball, location: 2F
0-1: Foul Ball, location: 2F
0-2: Ball
1-2: Foul Ball, location: 2F
1-2: SINGLE (Line Drive, 7S)
Batting: SHB Martín Marrero 0-0: Called Strike
0-1: Foul Ball, location: 2F
0-2: Ball
1-2: Ball
2-2: Foul Ball, location: 2F
2-2: Ball
3-2: Grounds into double play, 4-6-3 (Groundball, 4)
Bottom of the 3rd over - 0 runs, 1 hit, 0 errors, 0 left on base; Alaskan 13 - Hamilton 2
TOP OF THE 4TH
Alaskan Humpbacks batting - Pitching for Hamilton Coyotes : LHP Francisco Jiménez
Batting: LHB Ron Stewart 0-0: Called Strike
0-1: Ball
1-1: Ball
2-1: Foul Ball, location: 2F
2-2: Foul Ball, location: 2F
2-2: Ball
3-2: Foul Ball, location: 2F
3-2: Foul Ball, location: 2F
3-2: Foul Ball, location: 2F
3-2: Base on Balls
Batting: LHB Gabriel Amezquita 0-0: Called Strike
Ron Stewart steals 2nd base
0-1: Foul Ball, location: 2F
0-2: Ball
1-2: Foul Ball, location: 2F
1-2: Ground out 6-3 (Groundball, 6)
Batting: RHB Bobby Christopher 0-0: Foul Ball, location: 2F
0-1: Ball
1-1: Ball
2-1: Ball
3-1: Called Strike
3-2: Foul Ball, location: 2F
3-2: Foul Ball, location: 2F
3-2: Base on Balls
Pitching: RHP Neal Davis
Batting: LHB Dallas Ihde 0-0: SINGLE (Line Drive, 9LS)
Ron Stewart to third
Bobby Christopher to second
Runner from 3rd tries for Home, SAFE, no throw
Batting: RHB Scott Dourque 0-0: DOUBLE (Flyball, 8RXD)
Bobby Christopher scores
Dallas Ihde to third
Runner from 3rd tries for Home, SAFE, no throw
Batting: LHB Kanko Umaba 0-0: Ball
1-0: Swinging Strike
1-1: Ball
2-1: Swinging Strike
2-2: Ball
3-2: Strikes out swinging
Batting: LHB Danny Trautmann 0-0: Ball
1-0: Called Strike
Scott Dourque is caught stealing 3rd base
Top of the 4th over - 3 runs, 2 hits, 0 errors, 0 left on base; Alaskan 16 - Hamilton 2
BOTTOM OF THE 4TH
Hamilton Coyotes batting - Pitching for Alaskan Humpbacks : RHP Laurel Yanny
Batting: RHB Duane Wills 0-0: Ball
1-0: Ball
2-0: Ball
3-0: Called Strike
3-1: Base on Balls
Batting: RHB Markus Thompson 0-0: Ball
1-0: SINGLE (Line Drive, 4MD)
Duane Wills to second
Batting: LHB Scot Willis 0-0: Ball
1-0: SINGLE (Groundball, 56D)
Duane Wills to third
Markus Thompson to second
Runner from 3rd tries for Home, SAFE, no throw
Batting: RHB Alejandro Serrato 0-0: Fly out, F8 (Flyball, 8RS)
Batting: LHB Tony Rodríguez 0-0: Called Strike
0-1: Fielders Choice at 2nd, 1-6 (Groundball, P)
Markus Thompson to third
Batting: LHB Tommy Sullivan 0-0: Fly out, F7 (Flyball, 7S)
Bottom of the 4th over - 1 run, 2 hits, 0 errors, 2 left on base; Alaskan 16 - Hamilton 3
TOP OF THE 5TH
Alaskan Humpbacks batting - Pitching for Hamilton Coyotes : RHP Neal Davis
Batting: LHB Danny Trautmann 0-0: Ball
1-0: SINGLE (Line Drive, 8LS)
Batting: RHB Doug Allerdale 0-0: Called Strike
0-1: Foul Ball, location: 2F
0-2: Ball
1-2: Ball
2-2: DOUBLE (Line Drive, 89D)
Danny Trautmann to third
Batting: RHB Erik Sterk 0-0: Foul Ball, location: 2F
0-1: Ball
1-1: Swinging Strike
1-2: Foul Ball, location: 2F
1-2: Fly out, F4 (Popup, 34)
Batting: LHB Ron Stewart 0-0: Ball
1-0: Foul Ball, location: 2F
1-1: Ball
2-1: Ball
3-1: Base on Balls
Batting: LHB Gabriel Amezquita 0-0: Ball
1-0: Foul Ball, location: 2F
1-1: Ball
2-1: Foul Ball, location: 2F
2-2: Ball
3-2: Base on Balls
Danny Trautmann scores
Doug Allerdale to third
Ron Stewart to second
Batting: RHB Bobby Christopher 0-0: Ball
1-0: Ball
Wild Pitch!
Doug Allerdale scores
Ron Stewart to third
Gabriel Amezquita to second
2-0: Swinging Strike
2-1: Ball
3-1: Base on Balls
Batting: LHB Dallas Ihde 0-0: Ball
1-0: Ball
2-0: Foul Ball, location: 2F
2-1: Fly out, F8 (Flyball, 8LXD)
Runner from 3rd tags up, SCORES, no throw
Gabriel Amezquita to third
Batting: RHB Scott Dourque 0-0: SINGLE (Groundball, 34D)
Gabriel Amezquita scores
Bobby Christopher to second
Batting: LHB Kanko Umaba 0-0: Called Strike
0-1: SINGLE (Groundball, 5D)
Bobby Christopher to third
Scott Dourque to second
Runner from 3rd tries for Home, SAFE, throw made home
Batting: LHB Danny Trautmann 0-0: Foul Ball, location: 2F
0-1: Ground out 4-3 (Groundball, 4)
Top of the 5th over - 5 runs, 4 hits, 0 errors, 2 left on base; Alaskan 21 - Hamilton 3
BOTTOM OF THE 5TH
Hamilton Coyotes batting - Pitching for Alaskan Humpbacks : RHP Laurel Yanny
Batting: LHB José Gómez 0-0: Ground out 4-3 (Groundball, 4)
Batting: RHB Dani Trejo 0-0: Ball
1-0: Fly out, F8 (Flyball, 8LXD)
Batting: SHB Martín Marrero 0-0: Foul Ball, location: 2F
0-1: Fly out, F9 (Flyball, 9LM)
Bottom of the 5th over - 0 runs, 0 hits, 0 errors, 0 left on base; Alaskan 21 - Hamilton 3
TOP OF THE 6TH
Alaskan Humpbacks batting - Pitching for Hamilton Coyotes : RHP Neal Davis
Batting: RHB Doug Allerdale 0-0: Fly out, F8 (Flyball, 8RD)
Batting: RHB Erik Sterk 0-0: Ball
1-0: Ball
2-0: Foul Ball, location: 2F
2-1: Swinging Strike
2-2: Fly out, F3 (Line Drive, 3S)
Batting: LHB Ron Stewart 0-0: Ball
1-0: Ground out 4-3 (Groundball, 4M)
Top of the 6th over - 0 runs, 0 hits, 0 errors, 0 left on base; Alaskan 21 - Hamilton 3
BOTTOM OF THE 6TH
Hamilton Coyotes batting - Pitching for Alaskan Humpbacks : RHP Laurel Yanny
Pitching: RHP Seung-yeop Kim
Batting: RHB Duane Wills 0-0: Ball
1-0: Foul Ball, location: 2F
1-1: Ball
2-1: Ball
3-1: SINGLE (Groundball, 5L) (infield hit)
Batting: RHB Markus Thompson 0-0: Foul Ball, location: 2F
0-1: Foul Ball, location: 2F
0-2: Ball
1-2: Ball
2-2: Ball
3-2: Foul Ball, location: 2F
3-2: Ground out 5-3 (Groundball, 56S)
Duane Wills to second
Batting: LHB Scot Willis 0-0: Swinging Strike
0-1: Ball
1-1: Foul Ball, location: 2F
1-2: Ball
2-2: Ball
3-2: Foul Ball, location: 2F
3-2: Foul Ball, location: 2F
3-2: SINGLE (Groundball, 34D)
Duane Wills to third
Batting: RHB Alejandro Serrato 0-0: Foul Ball, location: 2F
0-1: Ball
1-1: Ball
2-1: Fly out, F8 (Flyball, 8LM)
Runner from 3rd tags up, SCORES, throw made
Batting: LHB Tony Rodríguez 0-0: Called Strike
0-1: Called Strike
0-2: Foul Ball, location: 2F
0-2: Ball
1-2: Fly out, F7 (Flyball, 7)
Bottom of the 6th over - 1 run, 2 hits, 0 errors, 1 left on base; Alaskan 21 - Hamilton 4
TOP OF THE 7TH
Alaskan Humpbacks batting - Pitching for Hamilton Coyotes : RHP Neal Davis
Batting: LHB Gabriel Amezquita 0-0: Called Strike
0-1: SINGLE (Flyball, 8RS)
Pitching: RHP Rafael Peralta
Batting: RHB Bobby Christopher 0-0: Ball
1-0: Foul Ball, location: 2F
1-1: Fly out, F3 (Line Drive, 34S)
Batting: LHB Dallas Ihde 0-0: Ball
1-0: Ball
2-0: Fly out, F8 (Flyball, 8RS)
Batting: RHB Scott Dourque 0-0: Ball
1-0: Called Strike
1-1: Foul Ball, location: 2F
1-2: Fly out, F8 (Line Drive, 78D)
Top of the 7th over - 0 runs, 1 hit, 0 errors, 1 left on base; Alaskan 21 - Hamilton 4
BOTTOM OF THE 7TH
Hamilton Coyotes batting - Pitching for Alaskan Humpbacks : RHP Seung-yeop Kim
Batting: LHB Tommy Sullivan 0-0: Fly out, F9 (Flyball, 9)
Batting: LHB José Gómez 0-0: SINGLE (Groundball, 6D)
Batting: RHB Dani Trejo 0-0: Ball
1-0: Ball
2-0: Grounds into double play, 4-6-3 (Groundball, 34)
Bottom of the 7th over - 0 runs, 1 hit, 0 errors, 0 left on base; Alaskan 21 - Hamilton 4
TOP OF THE 8TH
Alaskan Humpbacks batting - Pitching for Hamilton Coyotes : RHP Rafael Peralta
Batting: LHB Kanko Umaba 0-0: Ball
1-0: Ball
2-0: Called Strike
2-1: Ball
3-1: Foul Ball, location: 2F
3-2: Foul Ball, location: 2F
3-2: Foul Ball, location: 2F
3-2: SINGLE (Line Drive, 4MD)
Batting: LHB Danny Trautmann 0-0: Ball
1-0: Foul Ball, location: 2F
1-1: Foul Ball, location: 2F
1-2: Ball
2-2: Ball
3-2: Foul Ball, location: 2F
3-2: Base on Balls
Kanko Umaba to second
Batting: RHB Doug Allerdale 0-0: Ball
1-0: Ball
Wild Pitch!
Kanko Umaba to third
Danny Trautmann to second
2-0: Fly out, F3 (Popup, 34)
Batting: RHB Erik Sterk 0-0: Swinging Strike
0-1: Ground out 6-3 (Groundball, 6)
Kanko Umaba scores
Batting: LHB Ron Stewart 0-0: Ball
1-0: Ball
2-0: Ball
3-0: Called Strike
3-1: Ground out U3 (Groundball, 3)
Top of the 8th over - 1 run, 1 hit, 0 errors, 1 left on base; Alaskan 22 - Hamilton 4
BOTTOM OF THE 8TH
Hamilton Coyotes batting - Pitching for Alaskan Humpbacks : RHP Seung-yeop Kim
Batting: SHB Martín Marrero 0-0: Ball
1-0: SOLO HOME RUN (Flyball, 9LD), Distance : 335 ft
Batting: RHB Duane Wills 0-0: Ball
1-0: Ball
2-0: Foul Ball, location: 2F
2-1: Foul Ball, location: 2F
2-2: Ball
3-2: Base on Balls
Batting: RHB Markus Thompson 0-0: Ball
1-0: Ball
2-0: Called Strike
2-1: Called Strike
2-2: Ball
3-2: Fly out, F4 (Popup, 4)
Batting: LHB Scot Willis 0-0: Fly out, F7 (Flyball, 7D)
Batting: RHB Alejandro Serrato 0-0: Fielders Choice at 2nd, 6-4 (Groundball, 6)
Bottom of the 8th over - 1 run, 1 hit, 0 errors, 1 left on base; Alaskan 22 - Hamilton 5
TOP OF THE 9TH
Alaskan Humpbacks batting - Pitching for Hamilton Coyotes : RHP Rafael Peralta
Batting: LHB Gabriel Amezquita 0-0: Ball
1-0: Called Strike
1-1: Ball
2-1: Ball
3-1: Fly out, F9 (Flyball, 9)
Pinch Hitting: LHB Tim Stinson 0-0: Called Strike
0-1: Ball
1-1: Ball
2-1: Ball
3-1: SINGLE (Line Drive, 7S)
Batting: LHB Dallas Ihde 0-0: Called Strike
0-1: Foul Ball, location: 2F
0-2: SINGLE (Groundball, 34D)
Tim Stinson to second
Batting: RHB Scott Dourque 0-0: Fly out, F4 (Line Drive, 4)
Batting: LHB Kanko Umaba 0-0: Called Strike
0-1: Swinging Strike
0-2: Ball
1-2: Ball
2-2: Strikes out swinging
Top of the 9th over - 0 runs, 2 hits, 0 errors, 2 left on base; Alaskan 22 - Hamilton 5
BOTTOM OF THE 9TH
Hamilton Coyotes batting - Pitching for Alaskan Humpbacks : RHP Seung-yeop Kim
Now at C: Tim Stinson
Batting: LHB Tony Rodríguez 0-0: Ball
1-0: Swinging Strike
1-1: Ball
2-1: Ball
3-1: SINGLE (Groundball, 13) (infield hit)
Pitching: RHP Sam Schultz
Batting: LHB Tommy Sullivan 0-0: Ball
1-0: Called Strike
1-1: Ball
2-1: Called Strike
2-2: Foul Ball, location: 2F
2-2: Ball
3-2: Foul Ball, location: 2F
3-2: Ground out 6-3 (Groundball, 56)
Tony Rodríguez to second
Batting: LHB José Gómez 0-0: Called Strike
0-1: Ball
1-1: Foul Ball, location: 2F
1-2: Strikes out swinging
Batting: RHB Dani Trejo 0-0: Called Strike
0-1: Called Strike
0-2: Ball
1-2: Ground out 1-3 (Groundball, P)
Bottom of the 9th over - 0 runs, 1 hit, 0 errors, 1 left on base; Alaskan 22 - Hamilton 5
Wednesday, September 19th, 2018 - OOTP Baseball 18.8 Build 76